 Dungeon Crawl Stone Soup version 0.29.0-4-gdea44cf6ec (webtiles) character file.

Game seed: 16622706327017113401

76 Plasmagod the Chopper (level 4, 0/35 HPs)
             Began as a Formicid Fighter on Aug 27, 2022.
             Was an Initiate of Cheibriados.
             Slain by a gnoll
             ... wielding a +2 spear of flaming
             ... led by a gnoll bouda
              (1 damage)
             ... on level 6 of the Dungeon.
             The game lasted 00:04:09 (2238 turns).

Plasmagod the Chopper (Formicid Fighter)            Turns: 2238, Time: 00:04:09

Health: 0/35       AC:  6    Str: 24    XL:     4   Next: 57%
Magic:  4/4        EV:  9    Int:  8    God:    Cheibriados [......]
Gold:   143        SH:  5    Dex: 14    Spells: 3/3 levels left

rFire   . . .      SeeInvis +   a - +0 war axe
rCold   + + .      Faith    .   c - +0 buckler
rNeg    . . .      Spirit   .   b - +0 scale mail
rPois   +          Reflect  .   (helmet unavailable)
rElec   .          Harm     .   (no cloak)
rCorr   .          Rampage  .   (no gloves)
Will    .....                   (no boots)
Stlth   ..........              o - amulet "Tithri" {Acrobat rPois rC+}
HPRegen 0.11/turn               r - ring of protection from cold
MPRegen 0.09/turn               (no ring)

@: slow
A: permanent stasis, dig shafts and tunnels, antennae 3, four strong arms
a: Dig, Shaft Self, Renounce Religion


You were on level 6 of the Dungeon.
You worshipped Cheibriados.
Cheibriados was noncommittal.
You visited 2 branches of the dungeon, and saw 5 of its levels.

You collected 143 gold pieces.

Inventory:

Hand Weapons
 a - a +0 war axe (weapon)
Armour
 b - a +0 scale mail (worn)
 c - a +0 buckler (worn)
Jewellery
 o - the amulet "Tithri" (around neck) {Acrobat rPois rC+}
   (You found it on level 2 of the Dungeon)

   [amulet of the acrobat]

   It increases your evasion while moving and waiting.
   rC:        It protects you from cold.
   rPois:     It protects you from poison.
 r - a ring of protection from cold (left hand)
Scrolls
 f - 4 scrolls of identify {unknown}
 i - a scroll of noise {unknown}
 j - a scroll of summoning {unknown}
 n - 2 scrolls of butterflies {unknown}
 p - a scroll of fear {unknown}
 q - a scroll of vulnerability {unknown}
 s - a scroll of teleportation {unknown}
Potions
 d - 2 potions of might
 e - 2 potions of curing {unknown}
 g - a potion of mutation {unknown}
 h - a potion of haste {unknown}
 k - 2 potions of brilliance {unknown}
 l - 2 potions of lignification {unknown}
 m - a potion of heal wounds {unknown}


   Skills:
 - Level 3.2 Fighting
 + Level 4.4 Axes
 - Level 3.2 Armour
 - Level 4.0 Shields


You had 3 spell levels left.
You didn't know any spells.
Your spell library contained the following spells:

 Spells                   Type           Power      Damage    Failure   Level
 Ensorcelled Hibernation  Hex/Ice        0%         N/A       89%         2
 Lesser Beckoning         Tloc           0%         N/A       98%         3
 Spider Form              Tmut/Pois      0%         N/A       98%         3
 Anguish                  Hex/Necr       0%         N/A       100%        4
 Manifold Assault         Tloc           0%         N/A       100%        5
 Enfeeble                 Hex            0%         N/A       100%        7
 Blink                    Tloc           Unusable   N/A       N/A         2

Dungeon Overview and Level Annotations

Branches:
Dungeon (6/15)             Temple (1/1) D:6

Altars:
Cheibriados
Elyvilon
Gozag
Hepliaklqana
Kikubaaqudgha
Nemelex Xobeh
Ru
Vehumet
Wu Jian
Xom
Yredelemnul
The Shining One

Annotations:
D:3 1 runed translucent door, exclusion: door, Crazy Yiuf


Innate Abilities, Weirdness & Mutations

You cannot be hasted, slowed, berserked, paralysed or teleported.
You can dig through walls and to a lower floor.
You have a pair of large antennae on your head. (SInv)
Your four strong arms can wield two-handed weapons with a shield.


Message History

Found a shimmering altar of Xom.
You open the door.
Found a white marble altar of Elyvilon.
(D) Dungeon (T) Temple
Where to? (Enter - D:2 @ (x,y), ? - help) (C) Cheibriados (E) Elyvilon (G) Gozag (H) Hepliaklqana (K) Kikubaaqudgha (N) Nemelex Xobeh (R) Ru (V) Vehumet (W) Wu Jian (X) Xom (Y) Yredelemnul (1) TSO Go to which altar? (? - help)
There is an open door here.
There is a snail-covered altar of Cheibriados here.
You kneel at the altar of Cheibriados.
Cheibriados welcomes you!
Cheibriados begins to support your attributes as your movement slows.
Cheibriados is now slowing the effects of poison on you.
There is an open door here.
There is a staircase back to the Dungeon here.
You climb upwards.
Welcome back to the Dungeon!
There is a staircase to the Ecumenical Temple here.
The gnoll hits you from afar with a +2 spear of flaming!
The gnoll burns you. You block the gnoll's attack.
The gnoll completely misses you.
You slash the gnoll!
The gnoll is heavily wounded.
The gnoll hits you with a +2 spear of flaming.
The gnoll burns you.
You hit the gnoll.
The gnoll is heavily wounded.
The gnoll hits you with a +2 spear of flaming.
The gnoll burns you.
You hit the gnoll.
The gnoll is almost dead.
The gnoll hits you with a +2 spear of flaming!
* * * LOW HITPOINT WARNING * * *
The gnoll burns you.
* * * LOW HITPOINT WARNING * * *
The gnoll hits you with a +2 spear of flaming.
* * * LOW HITPOINT WARNING * * *
The gnoll burns you.
You die...

#........#
.###+#..##........
.......g##############
........##§§§≈§≈≈≈§§≈#
.........#§≈≈§§≈≈≈≈§§#
#........#≈≈≈≈§≈≈§§§§#
#........#≈≈≈#####≈§§#
####+#...#####...#≈§≈#
#.....g@..>.#≈≈≈#
##.######...#§§≈#
#.##≈≈§#####§§§#
#.##§§≈≈§≈≈§≈≈§#
...#≈≈≈≈≈§≈≈≈§§# ..
#≈§≈§≈§§≈≈§§# .#.
#############


You could see a gnoll.

Vanquished Creatures
  Jessica (D:2)
  2 adders (D:2)
  A worm (D:2)
  A dart slug (D:2)
  4 bats
  3 endoplasms
  A giant cockroach (D:1)
  3 hobgoblins
  2 kobolds
  A quokka (D:1)
  6 ball pythons
  3 rats
28 creatures vanquished.

Notes
Turn   | Place    | Note
-------+----------+-------------------------------------------
     0 | D:1      | Plasmagod the Formicid Fighter began the quest for the Orb.
     0 | D:1      | Reached XP level 1. HP: 18/18 MP: 1/1
   256 | D:1      | Reached XP level 2. HP: 22/24 MP: 2/2
   842 | D:2      | Reached XP level 3. HP: 18/29 MP: 3/3
  1306 | D:2      | Identified the amulet "Tithri" {Acrobat rPois rC+}
  1311 | D:2      | Noticed Jessica
  1320 | D:2      | Killed Jessica
  1321 | D:2      | Reached XP level 4. HP: 25/35 MP: 4/4
  1834 | D:3      | Found a runed translucent door.
  1835 | D:3      | Noticed Crazy Yiuf
  1881 | D:3      | Found a hazy altar of Hepliaklqana.
  1999 | D:3      | You fall into a shaft and drop 3 floors!
  2018 | D:6      | Found a staircase to the Ecumenical Temple.
  2027 | Temple   | Entered the Ecumenical Temple
  2202 | Temple   | Became a worshipper of Cheibriados the Contemplative
  2238 | D:6      | HP: 1/35 [gnoll/+2 spear of flaming[a gnoll bouda] (5)]
  2238 | D:6      | Slain by a gnoll

Illustrated notes

Levels and vault maps discovered:
D:1:      mrwooster_arrival_statue, layout_basic, corexii_leaking_fountain
D:2:      layout_loops_ring, minmay_hedge_maze, uniq_jessica
D:3:      layout_basic, nicolae_hepliaklqana_hazy_memory, serial_aquarium,
          aquarium_bridge_island_small [aquarium_subvault_small_open,
          aquarium_subvault_balcony, aquarium_subvault_wall,
          aquarium_subvault_bridge, aquarium_subvault_wall], aquarium_window_2,
          aquarium_window_1, aquarium_view_4, aquarium_view_2b,
          aquarium_pool_corner, nrook_mini_vaults, eino_tiny_chamber,
          minmay_tree_intersection, uniq_robin, uniq_crazy_yiuf_cottage
D:6:      layout_basic, lemuel_round_altar, led_sif_pool,
          minmay_temple_entry_poolview
Temple:   bh_familiar_temple

Skill      XL: |  1  2  3 |
---------------+----------+-----
Axes           | 3 4 |  4.4
Fighting       | |  3.2
Armour         | |  3.2
Shields        | |  4.0

Action                   |  1- 3 |  4- 6 || total
-------------------------+-------+-------++-------
Melee: War axe           |    59 |    11 ||    70
Armor: Scale mail        |    24 |     6 ||    30
Dodge: Dodged            |    31 |     6 ||    37
Block: Buckler           |     8 |     1 ||     9
